 Dungeon Sprint DCSS version bcrawl-1.31 (webtiles) character file.

Game seed: 12831239788490578141

504214 Groucho the Covert (level 6, 0/42 HPs)
             Began as a Spriggan Enchanter on Mar 25, 2021.
             Slain by a neqoxec (9 damage)
             ... in the Dungeon (Sprint II: "The Violet Keep of Menkaure").
             The game lasted 00:02:03 (461 turns).

Groucho the Covert (Spriggan Enchanter)              Turns: 461, Time: 00:02:04

Health: 0/42       AC:  2    Str:  7    XL:     6   Next: 28%
Magic:  2/18       EV: 17    Int: 13    God:
Gold:   243        SH:  0    Dex: 12    Spells: 9/21 levels left

rFire    . . .     SeeInvis +   a - +1 dagger
rCold    . . .     Gourm    .   (shield restricted)
rNeg     . . .     Faith    .   b - +0 robe
rPois    .         Spirit   .   (helmet restricted)
rElec    .         Reflect  .   (no cloak)
rCorr    .         Harm     .   (gloves unavailable)
MR       +....     NoTele   +   (boots unavailable)
Stlth    ..........             (no amulet)
HPRegen  0.14/turn              (no ring)
MPRegen  0.16/turn              (no ring)

@: berserking, very quick
A: very small, unfitting armour, see invisible, [clumsy 2], [deterioration 1],
[dopey 2], herbivore, speed 3, slow metabolism 2, [weak 2], [subdued magic 3]
a: no special abilities


You were in the Dungeon.
You were not hungry.

You visited 1 branch You collected 243 gold pieces.

Inventory:

Hand Weapons
 a - a +1 dagger (weapon)
Armour
 b - a +0 robe (worn)
Scrolls
 d - a scroll of fog
 l - a scroll of blinking
Potions
 f - a potion of invisibility
 g - a potion of curing
 i - a potion of haste
 j - a potion of magic
Comestibles
 e - a ration {!d}


   Skills:
 - Level 1.2 Short Blades
 - Level 3.0 Dodging
 * Level 14.6 Stealth
 + Level 8.4 Spellcasting
 + Level 8.8 Hexes


You had 9 spell levels left.
You knew the following spells:

 Your Spells              Type           Power        Failure   Level  Hunger
a - Corona                Hex            ###....      1%          1    None
b - Ensorcelled Hibernat  Hex/Ice        #.....       1%          2    None
c - Confuse               Hex            ###.....     1%          3    None
d - Dazzling Orbs         Conj/Hex       #......      2%          3    None
e - Tukima's Dance        Hex            ###.....     1%          3    None

Your spell library contained the following spells:

 Spells                   Type           Power        Failure   Level  Hunger
 Cause Fear               Hex            ###.......   1%          4    ###....


Dungeon Overview and Level Annotations

Branches:
Dungeon (1/1)

Altars:


Innate Abilities, Weirdness & Mutations

You are very small and have problems with some larger weapons.
You are too small for most types of armour.
You have supernaturally acute eyesight. (SInv)
You are a herbivore.
You cover ground extremely quickly.
You need to consume almost no food.
[You are very clumsy. (Dex -4)]
[Your body sometimes deteriorates upon taking damage.]
[You are very dopey. (Int -4)]
[You are very weak. (Str -4)]
[Your spells are much easier to cast, but much less powerful.]


Message History

The neqoxec closely misses you.
You hit the neqoxec.
The neqoxec is severely wounded.
The neqoxec hits you.
You closely miss the neqoxec.
The neqoxec is severely wounded.
The ufetubus hits you but does no damage.
The ufetubus hits you.
You hit the neqoxec.
The neqoxec is severely wounded.
The neqoxec closely misses you.
You hit the neqoxec.
The neqoxec is almost dead.
The ufetubus closely misses you. x2; The neqoxec barely misses the iron imp.
You closely miss the neqoxec.
The neqoxec is almost dead.
The ufetubus misses you. The ufetubus hits you.
* * * LOW HITPOINT WARNING * * *
The neqoxec hits you!
You die...

#≈≈#+++#+++##
≈≈≈.........#
##+## ##.#.##
#..#..# #
###.##### ##.
#'# #.#
#.w.##.##.#
#+.5@35#
#.w$##.##53#
##. #+# #.# #
#$. ## ##ww
.## ##


You could see 2 neqoxecs, 2 iron imps and an ufetubus (confused).

Vanquished Creatures
  2 neqoxecs (D)
  4 worker ants (D)
6 creatures vanquished.

Vanquished Creatures (others)
  A crocodile (D)
1 creature vanquished.

Grand Total: 7 creatures vanquished

Notes
Turn   | Place    | Note
-------+----------+-------------------------------------------
     0 | D        | Groucho the Spriggan Enchanter began the quest for the Orb.
     0 | D        | Reached XP level 1. HP: 9/9 MP: 5/5
     1 | D        | Noticed a tyrant leech
     1 | D        | Noticed a tyrant leech
     9 | D        | Noticed a worker ant
     9 | D        | Noticed a worker ant
    11 | D        | Noticed a worker ant
    11 | D        | Noticed a worker ant
    12 | D        | Killed a worker ant
    13 | D        | Reached skill level 7 in Stealth
    13 | D        | Reached XP level 2. HP: 13/13 MP: 6/8
    14 | D        | Reached skill level 9 in Stealth
    14 | D        | Reached skill level 5 in Hexes
    14 | D        | Reached XP level 3. HP: 16/16 MP: 7/10
    16 | D        | Reached skill level 5 in Spellcasting
    16 | D        | Reached XP level 4. HP: 15/21 MP: 8/12
    17 | D        | Noticed an ice statue
    28 | D        | Learned a level 2 spell: Ensorcelled Hibernation
    34 | D        | Reached skill level 10 in Stealth
   100 | D        | Killed a crocodile
   401 | D        | Learned a level 3 spell: Confuse
   405 | D        | Learned a level 3 spell: Dazzling Orbs
   409 | D        | Learned a level 3 spell: Tukima's Dance
   414 | D        | Noticed a neqoxec
   414 | D        | Noticed a neqoxec
   414 | D        | Noticed a neqoxec
   414 | D        | Noticed a neqoxec
   426 | D        | Killed a neqoxec
   427 | D        | Reached skill level 13 in Stealth
   427 | D        | Reached XP level 5. HP: 24/24 MP: 11/16
   440 | D        | Killed a neqoxec
   441 | D        | Reached skill level 14 in Stealth
   441 | D        | Reached XP level 6. HP: 28/28 MP: 7/18
   461 | D        | Slain by a neqoxec

Skill      XL: |  1  2  3  4  5 |
---------------+----------------+-----
Stealth        | 7 9 13 14 | 14.6
Spellcasting   | 4 5 7 8 |  8.4
Hexes          | 4 5 7 8 |  8.8
Short Blades   | |  1.2
Dodging        | |  3.0

Action                   |  1- 3 |  4- 6 || total
-------------------------+-------+-------++-------
Melee: Dagger            |     3 |    32 ||    35
 Cast: Ensorcelled Hiber |       |     2 ||     2
       Confuse           |       |    11 ||    11
  Use: Potion            |       |     3 ||     3
 Stab: Sleeping          |     3 |     1 ||     4
       Confused          |       |     4 ||     4
Armor: Robe              |       |     2 ||     2
Dodge: Dodged            |     1 |    38 ||    39
